 Dungeon Crawl Stone Soup version 0.31-a0-233-g139696dc86 (webtiles) character file.

Game seed: 10243444019467496030

31 qw the Shooter (level 3, -2/21 HPs)
             Began as a Gargoyle Hexslinger on July 8, 2023.
             Slain by a goblin
             ... wielding a +0 club
              (5 damage)
             ... on level 2 of the Dungeon.
             The game lasted 00:00:20 (733 turns).

qw the Shooter (Gargoyle Hexslinger)                 Turns: 733, Time: 00:00:20

Health: -2/21      AC:  5    Str: 11    XL:     3   Next: 22%
Magic:  4/4        EV: 12    Int: 13    God:
Gold:   35         SH:  0    Dex: 14    Spells: 3/4 levels left

rFire   . . .        Y - +1 sling
rCold   . . .        (no shield)
rNeg    + . .        c - +0 robe
rPois   inf          (no helmet)
rElec   +            (no cloak)
rCorr   .            (no gloves)
SInv    .            (no boots)
Will    .....        (no amulet)
Stlth   +            (no ring)
HPRegen 0.23/turn    (no ring)
MPRegen 0.09/turn

%: no passive effects
@: no status effects
A: sickness immunity, AC +3, negative energy resistance 1, electricity
resistance, torment resistance 1, petrification resistance
a: no special abilities


You were on level 2 of the Dungeon.
You visited 1 branch of the dungeon, and saw 2 of its levels.

You collected 35 gold pieces.


Innate Abilities, Weirdness & Mutations

You are immune to sickness and miasma.
Your stone body is resilient. (AC +3)
You are immune to poison.
You resist negative energy. (rN+)
You are resistant to electric shocks. (rElec)
You are resistant to unholy torment.
You are immune to petrification.


   Skills:
 - Level 2.0 Fighting
 + Level 3.2 Ranged Weapons
 - Level 1.5 Dodging
 - Level 1.0 Spellcasting
 - Level 2.6 Hexes


You had 3 spell levels left.
You knew the following spells:

 Your Spells              Type           Power      Damage    Failure   Level
a - Slow                  Hex            28%        N/A       10%         1

Your spell library contained the following spells:

 Spells                   Type           Power      Damage    Failure   Level
 Inner Flame              Hex/Fire       4%         N/A       43%         3
 Portal Projectile        Hex/Tloc       8%         N/A       43%         3
 Cause Fear               Hex            3%         N/A       67%         4

Inventory:

Hand Weapons
 Y - a +1 sling (weapon)
Armour
 c - a +0 robe (worn)
Scrolls
 a - a scroll of identify
Potions
 d - a potion of might {unknown}
 e - a potion of lignification {unknown}

Dungeon Overview and Level Annotations

Branches:
Dungeon (2/15)

Altars:

Annotations:
D:2 Robin


Message History

The sling bullet barely misses the hobgoblin.
Robin roars a battlecry!
The goblins go into a battle-frenzy!
The goblin hits you with a +0 club. The hobgoblin misses you.
You hear a shout!
You shoot a sling bullet. The sling bullet hits the hobgoblin.
You kill the hobgoblin!
You hear a shout! x2
The goblin hits you with a +0 club.
You hear a shout! x2
You shoot a sling bullet. The sling bullet hits the goblin.
The goblin is moderately wounded.
A goblin comes into view. It is wielding a +0 club.
Robin throws the goblin at you! The goblin misses you.
You shoot a sling bullet.
The sling bullet barely misses the goblin.
The goblin barely misses you. The goblin closely misses you.
A goblin comes into view. It is wielding a +0 club.
The goblin hits you but does no damage. x2
728 ||| Stepping ~*~*~tactically~*~*~ (outnumbered).
You shoot a sling bullet.
The sling bullet barely misses the goblin.
The sling bullet hits the goblin.
You kill the goblin!
You shoot a sling bullet. The sling bullet hits Robin.
Robin is moderately wounded.
The goblin hits you but does no damage. Robin hits you but does no damage.
You shoot a sling bullet. The sling bullet hits Robin.
Robin is heavily wounded.
Robin hits you but does no damage. The goblin misses you.
You shoot a sling bullet. The sling bullet hits Robin.
Robin is heavily wounded.
The goblin hits you with a +0 club. Robin hits you with a +0 short sword.
You shoot a sling bullet.
The sling bullet hits Robin but does no damage.
Robin is heavily wounded.
Robin throws the goblin at you! The goblin hits you with a +0 club.
The goblin hits you but does no damage. The goblin hits you with a +0 club.
Robin hits you with a +0 short sword. The goblin hits you with a +0 club.
You die...

. #.# #. #.#
.###)# ## ..#.#
.. #.#.# g#
#...# .#
#####..##### .#
#.....<...g##.#
#..........@g)#
#..........g###
#...........#
#...........#
#...........#
#....)......#
#########...#
##.>. #####


You could see Robin and 2 goblins.

Vanquished Creatures
  A dart slug (D:1)
  A ball python (D:1)
  3 endoplasms (D:1)
  4 goblins
  3 hobgoblins
  3 kobolds
  2 quokkas (D:1)
  3 bats (D:1)
  3 frilled lizards (D:1)
  3 rats (D:1)
26 creatures vanquished.

Notes
Turn   | Place    | Note
-------+----------+-------------------------------------------
     0 | D:1      | qw the Gargoyle Hexslinger began the quest for the Orb.
     0 | D:1      | Reached XP level 1. HP: 12/12 MP: 2/2
     0 | D:1      | 0 ||| qw: Version: 0.3-a-46-gb1f654a
     0 | D:1      | 0 ||| qw: Game counter: 3390
     0 | D:1      | 0 ||| qw: Melee chars always use a shield: true
     0 | D:1      | 0 ||| qw: God list: Okawaru
     0 | D:1      | 0 ||| qw: Allow faded altars: false
     0 | D:1      | 0 ||| qw: Do Orc after clearing Dungeon:15 true
     0 | D:1      | 0 ||| qw: Do second Lair branch before Depths: true
     0 | D:1      | 0 ||| qw: Lair rune preference: random
     0 | D:1      | 0 ||| qw: Goals: Normal
     0 | D:1      | 0 ||| PLANNING D:1-11
   117 | D:1      | Reached XP level 2. HP: 16/16 MP: 3/3
   167 | D:1      | Found a faded altar of an unknown god.
   181 | D:1      | Reached skill level 3 in Ranged Weapons
   468 | D:1      | Reached XP level 3. HP: 21/21 MP: 4/4
   698 | D:1      | 698 ||| READING 2 scrolls labelled FIDEQIF NECK.
   699 | D:1      | 699 ||| READING scroll labelled BUXKUN WOUFOI.
   700 | D:1      | 700 ||| DROPPING scroll of poison.
   723 | D:2      | Noticed Robin
   728 | D:2      | 728 ||| Stepping ~*~*~tactically~*~*~ (outnumbered).
   733 | D:2      | HP: 5/21 [goblin/+0 club[Robin] (3)]
   733 | D:2      | Slain by a goblin

Levels and vault maps discovered:
D:1:      wander_arrival_chamber, layout_loops_ring,
          shapermc_ecumenical_altar_gd
D:2:      layout_basic, nrook_campfire, uniq_robin, uniq_natasha

Skill      XL: |  1  2 |
---------------+-------+-----
Ranged Weapons | 3 |  3.2
Fighting       | 2 |  2.0
Dodging        | |  1.5
Spellcasting   | |  1.0
Hexes          | |  2.6

Action                     || total
---------------------------++-------
   Fire: Sling             ||    83
    Use: Scroll            ||     2
 Armour: Robe              ||    18
  Dodge: Dodged            ||    26

Table legend:
 A = Non-vault XP
 B = Vault XP
 C = Vault XP percentage of total XP
 D = Non-vault monster count
 E = Vault monster count
 F = Vault count percentage of total count
                 A         B        C        D         E       F
            +---------+---------+-------+---------+---------+-------
      Total |      41 |       4 |   8.9 |      24 |       2 |   7.7
            +---------+---------+-------+---------+---------+-------
        D:1 |      39 |       0 |   0.0 |      23 |       0 |   0.0
        D:2 |       2 |       4 |  66.7 |       1 |       2 |  66.7
            +---------+---------+-------+---------+---------+-------
